 Dungeon Crawl Stone Soup version 0.24-a0-498-ge00f04a389 (webtiles) character file.

Game seed: 9833776999908272644

208 Peloso the Shield-Bearer (level 5, 0/47 HPs)
             Began as a Minotaur Fighter on July 14, 2019.
             Succumbed to a kobold's poison
             ... while paralysed by Grinder
             ... on level 3 of the Dungeon.
             The game lasted 00:03:09 (1947 turns).

Peloso the Shield-Bearer (Minotaur Fighter)         Turns: 1947, Time: 00:03:09

Health: 0/47       AC:  7    Str: 19 (21) XL:     5   Next: 55%
Magic:  4/4        EV:  2    Int:  3 (5)  God:
Gold:   120        SH:  0    Dex:  9 (10) Spells: 4/4 levels left

rFire    . . .     SeeInvis .   a - +0 long sword
rCold    . . .     Gourm    .   c - +0 shield
rNeg     . . .     Faith    .   b - +0 scale mail
rPois    .         Spirit   .   (helmet restricted)
rElec    .         Reflect  .   (no cloak)
rCorr    .         Harm     .   (no gloves)
MR       .....                  (no boots)
Stlth    ..........             (no amulet)
HPRegen  0.15/turn              (no ring)
MPRegen  0.09/turn              (no ring)

@: paralysed, lethally poisoned (0 -> -1)
A: retaliatory headbutt, horns 2
a: no special abilities


You were on level 3 of the Dungeon.
You were not hungry.

You visited 1 branch of the dungeon, and saw 3 of its levels.

You collected 120 gold pieces.

Inventory:

Hand Weapons
 a - a +0 long sword (weapon)
Armour
 b - a +0 scale mail (worn)
 c - a +0 shield (worn)
Jewellery
 o - an uncursed ring of protection from cold {unknown}
Scrolls
 d - a scroll of magic mapping {unknown}
 e - 3 scrolls of remove curse {unknown}
 l - 2 scrolls of enchant weapon {unknown}
 m - a scroll of teleportation {unknown}
 n - a scroll of noise {unknown}
 p - 2 scrolls of identify {unknown}
 q - a scroll of enchant armour {unknown}
 t - a scroll of immolation {unknown}
Potions
 g - a potion of cancellation {unknown}
 h - a potion of experience {unknown}
 i - a potion of resistance {unknown}
 j - a potion of degeneration
 k - 2 potions of brilliance {unknown}
 r - a potion of lignification {unknown}
 s - a potion of flight {unknown}
Comestibles
 f - 3 rations


   Skills:
 + Level 4.3 Fighting
 + Level 4.5 Long Blades
 + Level 4.5 Armour
 + Level 0.6 Dodging
 + Level 5.2 Shields


You had 4 spell levels left.
You didn't know any spells.
Your spell library was empty.

Dungeon Overview and Level Annotations

Branches:
Dungeon (3/15)

Altars:
The Shining One

Annotations:
D:3 Grinder


Innate Abilities, Weirdness & Mutations

You reflexively headbutt those who attack you in melee.
You have a pair of horns on your head.


Message History

Unknown command.
You barely miss Grinder.
Grinder is heavily wounded.
The kobold hits you with a +0 whip.
* * * LOW HITPOINT WARNING * * *
Grinder gestures at you. Pain shoots through your body!
* * * LOW HITPOINT WARNING * * *
You hit Grinder but do no damage. You headbutt Grinder, but do no damage.
Grinder is heavily wounded.
The kobold hits you but does no damage. Grinder hits you but does no damage.
You block the kobold's attack.
Unknown command.
It was a potion of degeneration.
There was something very wrong with that liquid.
You feel weakened.
You feel dopey.
You feel clumsy. Grinder gestures at you.
You suddenly lose the ability to move!
The kobold hits you with a +0 whip.
* * * LOW HITPOINT WARNING * * *
You die...

...####.......#
..............#
..............#
#............#
#..........#
#..........#
##..........#
##+###...........#
#...(@........##.###
#...K5........##...#
#
#.............####.#
# ##+#...........#
#.# # .............#
#.# #
...............# #.#
# ........?.......#
#.###
................
#....
....#...........
##...


You could see Grinder and a kobold.

Vanquished Creatures
  An ogre (D:3)
  Terence (D:2)
  A gnoll (D:1)
  3 adders
  An ooze (D:1)
  3 worms
  A dart slug (D:3)
  3 leopard geckos
  5 orcs (D:3)
  4 bats
  2 giant cockroaches
  4 goblins
  6 hobgoblins
  3 kobolds (D:2)
  2 ball pythons
  5 frilled lizards
  4 rats
49 creatures vanquished.

Vanquished Creatures (others)
  5 toadstools (D:1)
5 creatures vanquished.

Grand Total: 54 creatures vanquished

Notes
Turn   | Place    | Note
-------+----------+-------------------------------------------
     0 | D:1      | Peloso the Minotaur Fighter began the quest for the Orb.
     0 | D:1      | Reached XP level 1. HP: 19/19 MP: 0/0
   137 | D:1      | Reached XP level 2. HP: 27/27 MP: 1/1
   276 | D:1      | Reached skill level 4 in Shields
   454 | D:1      | Reached XP level 3. HP: 33/33 MP: 2/2
  1111 | D:2      | Found a glowing golden altar of the Shining One.
  1439 | D:2      | Noticed Terence
  1447 | D:2      | Killed Terence
  1447 | D:2      | Reached XP level 4. HP: 36/40 MP: 3/3
  1651 | D:3      | Noticed an ogre
  1657 | D:3      | Killed an ogre
  1657 | D:3      | Reached skill level 5 in Shields
  1657 | D:3      | Reached XP level 5. HP: 46/46 MP: 4/4
  1929 | D:3      | Noticed Grinder
  1946 | D:3      | Paralysed by Grinder for 7 turns
  1946 | D:3      | HP: 1/47 [kobold/+0 whip (4)]
  1947 | D:3      | Succumbed to a kobold's poison

Levels and vault maps discovered:
D:1:      ldierk_walled_garden, layout_basic, roderic_serpentine_path
D:2:      layout_loops_corners, lemuel_round_altar, uniq_terence
D:3:      lemuel_upstairs_altar, layout_basic, first_ration, uniq_grinder

Skill      XL: |  1  2  3  4 |
---------------+-------------+-----
Shields        | 4 5 |  5.2
Fighting       | 4 |  4.3
Armour         | 4 |  4.5
Long Blades    | 3 4 |  4.5
Dodging        | |  0.6

Action                   |  1- 3 |  4- 6 || total
-------------------------+-------+-------++-------
Melee: Long sword        |    69 |    50 ||   119
       Headbutt          |    10 |    12 ||    22
  Use: Potion            |       |     2 ||     2
  Eat: Chunk             |     1 |     2 ||     3
Armor: Scale mail        |    28 |    21 ||    49
Dodge: Dodged            |    23 |    18 ||    41
Block: Shield            |    40 |    38 ||    78
       Rpst.: Long sword |    11 |     2 ||    13

Table legend:
 A = Non-vault XP
 B = Vault XP
 C = Vault XP percentage of total XP
 D = Non-vault monster count
 E = Vault monster count
 F = Vault count percentage of total count
                 A         B        C        D         E       F
            +---------+---------+-------+---------+---------+-------
      Total |     262 |      36 |  12.1 |      48 |       1 |   2.0
            +---------+---------+-------+---------+---------+-------
        D:1 |      43 |       0 |   0.0 |      13 |       0 |   0.0
        D:2 |      59 |      36 |  37.9 |      18 |       1 |   5.3
        D:3 |     160 |       0 |   0.0 |      17 |       0 |   0.0
            +---------+---------+-------+---------+---------+-------
